 Dungeon Crawl Stone Soup version 0.30.1-9-gdf580d7c3d (webtiles) character file.

Game seed: 16847547641612328172

89885 Zespara the Warrior (level 15, 0/147 HPs)
             Began as a Minotaur Fighter on Oct 18, 2023.
             Was an Elder of Trog.
             Slain by an acid blob (27 damage)
             ... on level 2 of the Pits of Slime on Oct 19, 2023.
             The game lasted 01:58:01 (29980 turns).

Zespara the Warrior (Minotaur Fighter)             Turns: 29980, Time: 01:58:02

Health: 0/147      AC: 14    Str: 26    XL:     15   Next: 50%
Magic:  14/14      EV:  9    Int: 12    God:    Trog [****..]
Gold:   2002       SH:  0    Dex: 17    Spells: 12/14 levels left

rFire   . . .        r - +10 hammer of Drought {speed, Fragile rCorr Str-3 Int+7}
rCold   . . .        b - +5 kite shield
rNeg    . . .        T - +2 plate armour {rPois}
rPois   +            a - +2 hat
rElec   .            Y - +2 cloak {Stlth+}
rCorr   +            (no gloves)
SInv    .            w - +0 pair of boots
Will    +....        p - amulet of Aresudui {Regen+ Str+2} Stlth
                     Q - +6 ring of dexterity
HPRegen 1.24/turn    z - +4 ring of protection
MPRegen 0.14/turn

%: no passive effects
@: confused, corroded, invisible
A: horns 2, retaliatory headbutt
a: Renounce Religion, Berserk, Trog's Hand, Brothers in Arms


You were on level 2 of the Pits of Slime.
You worshipped Trog.
Trog was greatly pleased with you.
You visited 6 branches of the dungeon, and saw 26 of its levels.

You collected 2122 gold pieces.
You spent 120 gold pieces at shops.

Inventory:

Hand Weapons
 r - the +10 hammer of Drought (weapon) {speed, Fragile rCorr Str-3 Int+7}
   (You found it on level 2 of the Dungeon)

   Str:       It affects your strength (-3).
   Int:       It affects your intelligence (+7).
   rCorr:     It protects you from acid and corrosion.
   Fragile:   It will be destroyed if unequipped.
Missiles
 U - 2 javelins (quivered)
Armour
 a - a +2 hat (worn)
 b - a +5 kite shield (worn)
 w - a +0 pair of boots (worn)
 T - a +2 plate armour of poison resistance (worn)
 Y - a +2 cloak of stealth (worn)
Jewellery
 p - the amulet of Aresudui (around neck) {Regen+ Str+2}
   (You found it on level 5 of the Lair of Beasts)

   [amulet of regeneration]

   Str:       It affects your strength (+2).
   Regen:     It increases your rate of health regeneration.
 z - a +4 ring of protection (right hand)
 O - an amulet of reflection
 Q - a +6 ring of dexterity (left hand)
Wands
 n - a wand of mindburst (20)
 y - a wand of iceblast (25)
 G - a wand of charming (15)
 I - a wand of digging (8)
 N - a wand of polymorph (8)
 S - a wand of quicksilver (2)
 W - a wand of flame (11)
Scrolls
 c - 2 scrolls of identify {@r1}
 e - 5 scrolls of enchant weapon
 i - 5 scrolls of teleportation
 t - 4 scrolls of poison
 u - 4 scrolls of fog
 A - 2 scrolls of magic mapping
 E - 2 scrolls of immolation
 F - a scroll of fear
 H - a scroll of torment
 K - 2 scrolls of amnesia
 M - a scroll of enchant armour
 P - 2 scrolls of noise {unknown}
 R - 3 scrolls of summoning
 X - 2 scrolls of silence {unknown}
Potions
 d - a potion of might
 f - 3 potions of mutation
 g - a potion of ambrosia
 h - 6 potions of flight
 j - 4 potions of resistance
 k - 3 potions of brilliance
 l - 4 potions of lignification
 m - 5 potions of curing {@q1}
 q - 3 potions of invisibility
 s - 4 potions of haste
 v - a potion of heal wounds
 B - 4 potions of attraction
 C - 4 potions of berserk rage
 D - 2 potions of cancellation
 J - a potion of magic
Miscellaneous
 o - a piece from Xom's chessboard (15/15)


   Skills:
 * Level 17.4 Fighting
 + Level 8.0(12.8) Axes
 + Level 15.7(16.4) Maces & Flails
 + Level 16.3 Armour
 - Level 4.2 Dodging
 + Level 16.3 Shields


You had 12 spell levels left.
You knew the following spells:

 Your Spells              Type           Power      Damage    Failure   Level
a - Passwall              Tmut/Erth      0%         N/A       99%         2

Your spell library contained the following spells:

 Spells                   Type           Power      Damage    Failure   Level
 Beastly Appendage        Tmut           0%         N/A       96%         1
 Sandblast                Erth           0%         2d4       96%         1
 Shock                    Conj/Air       0%         1d3       96%         1
 Frozen Ramparts          Ice            0%         1d1       100%        3
 Portal Projectile        Hex/Tloc       0%         N/A       100%        3
 Spider Form              Tmut/Pois      0%         N/A       100%        3
 Stone Arrow              Conj/Erth      0%         3d7       100%        3
 Swiftness                Air            0%         N/A       100%        3
 Tukima's Dance           Hex            0%         N/A       100%        3
 Volatile Blastmotes      Fire/Tloc      0%         2d10      100%        3
 Airstrike                Air            0%         2d(0-16)  100%        4
 Animate Armour           Summ/Erth      0%         N/A       100%        4
 Fulminant Prism          Conj/Hex       0%         3d5       100%        4
 Ice Form                 Ice/Tmut       0%         N/A       100%        4
 Iskenderun's Mystic Bla  Conj/Tloc      0%         2d3       100%        4
 Olgreb's Toxic Radiance  Pois           0%         N/A       100%        4
 Summon Ice Beast         Ice/Summ       0%         N/A       100%        4
 Blade Hands              Tmut           0%         N/A       100%        5
 Lee's Rapid Deconstruct  Erth           0%         3d4*      100%        5
 Summon Mana Viper        Hex/Summ       0%         N/A       100%        5
 Monstrous Menagerie      Summ           0%         N/A       100%        7
 Lehudib's Crystal Spear  Conj/Erth      0%         10d2      100%        8


Dungeon Overview and Level Annotations

Branches:
Dungeon (15/15)            Temple (1/1) D:6            Lair (5/5) D:10
 Shoals (0/4) Lair:3       Spider (0/4) Lair:3        Slime (2/5) Lair:5
    Orc (2/2) D:11            Elf (0/3) Orc:2        Vaults (0/5) D:13
 Depths (1/4) D:15

Altars:
Ashenzari
Cheibriados
Dithmenos
Elyvilon
Fedhas
Gozag
Hepliaklqana
Kikubaaqudgha
Makhleb
Nemelex Xobeh
Okawaru
Qazlal
Ru
Sif Muna
Trog
Uskayaw
Vehumet
Wu Jian
Xom
Yredelemnul
Zin
The Shining One

Shops:
D:5 *   D:7 !   D:10 :   Orc:1 :   Orc:2 [(=(*

Portals:
Trove: D:14 (give +4 ice dragon scales)

Annotations:
D:10 2 transporters, Dillybarz's ghost, novice MiFi
Lair:2 2 transporters, 2 runed translucent doors, MysteronAgent613's ghost, novice FeEn


Innate Abilities, Weirdness & Mutations

You have a pair of horns on your head.
You reflexively headbutt those who attack you in melee.


Message History

The golden eye blinks at you. You resist with almost no effort.
You sock the acid blob!
Your hands burn!
You headbutt the acid blob, but do no damage.
The acid blob is severely wounded.
A large slime creature splits.
The acid blob hits you!! The acid corrodes you!
You are splashed with acid.
You resist.
* * * LOW HITPOINT WARNING * * *
You feel much better. The golden eye blinks at you.
You are more confused.
The golden eye blinks at you. You resist with some effort.
The golden eye blinks at you. You resist with almost no effort.
The slime creature closely misses you. The acid blob hits you!
You are splashed with acid.
You resist.
The slime creature hits you but does no damage.
You fade into invisibility!
The golden eye blinks at you.
You are more confused.
The golden eye blinks!
The acid blob spits acid at you. The splash of acid hits you. You resist.
The slime creature hits you but does no damage.
The golden eye blinks at you. The acid blob spits acid at you.
The splash of acid hits you! You resist. The golden eye blinks at you.
You are more confused.
Two slime creatures merge to form a large slime creature.
The golden eye blinks at you. The acid blob hits you.
You are splashed with acid.
You resist.
* * * LOW HITPOINT WARNING * * *
The acid blob hits you!
* * * LOW HITPOINT WARNING * * *
You are splashed with acid.
You resist.
* * * LOW HITPOINT WARNING * * *
The golden eye blinks at you.
You are more confused.
The acid blob hits you!!
You die...

##.####....####....#
### #......#......#
..............#
#.....<......##
#.............#
##....#...#..###
#.........#.##.##..
...........G.......
....#..^..J@##..
.#........GJJ#
#.........JG#
...........##
..........#......
...>.....#......#
.....#.........#.
....##.......... ...
#........J.


You could see 2 acid blobs, a large slime creature (unable to see you), a slime
creature (unable to see you) and 3 golden eyes.

Vanquished Creatures
  2 acid blobs (Slime:1)
  A very ugly thing (D:14)
  A quicksilver ooze (Slime:1)
  An ironbound preserver (D:13)
  An orc warlord (Orc:2)
  A stone giant (D:15)
  2 dire elephants (Lair:5)
  Snorg (D:11)
  A fire dragon (D:15)
  A great orb of eyes (Slime:2)
  A death knight (D:13)
  A catoblepas (Lair:1)
  2 two-headed ogres
  3 hydras
  3 tengu warriors
  8 centaur warriors
  5 boulder beetles
  7 death yaks (Lair:5)
  4 orc high priests
  A spectral death yak (Lair:5)
  A skyshark (Lair:4)
  A spectral anaconda (Lair:5)
  A lindwurm (Lair:5)
  4 necromancers (Lair:5)
  A wizard (D:14)
  Pikel (D:8)
  A deep elf pyromancer (D:15)
  An obsidian statue (Lair:5)
  22 ugly things
  4 orc knights
  2 orc sorcerers (Orc:2)
  3 cyclopes
  13 elephants (Lair:5)
  A manticore (D:15)
  A torpor snail (Lair:3)
  A dire elephant zombie (Lair:5)
  Maurice (D:13)
  2 black mambas
  17 cane toads
  3 rime drakes
  2 efreet
  12 komodo dragons
  2 kobold demonologists (D:9)
  3 unseen horrors
  Maggie (D:8)
  6 trolls
  A hornet (shapeshifter) (D:13)
  A merfolk (D:11)
  A tarantella (shapeshifter) (D:14)
  2 polar bears
  A spectral elephant (Lair:5)
  25 slime creatures
  2 wyverns
  A shadow (D:9)
  2 wraiths
  41 yaks
  2 golden eyes (Slime:1)
  Eustachio (D:5)
  2 steam dragons
  2 vampire mosquitoes (D:12)
  2 basilisks (Lair:1)
  A redback (Lair:3)
  An acid dragon (D:9)
  4 wargs
  7 water moccasins
  32 orc warriors
  2 black bears
  2 ice beasts (D:5)
  An elephant zombie (Lair:5)
  10 ogres
  3 wolves (Lair:1)
  4 boggarts (D:15)
  15 centaurs
  3 phantoms
  5 kobold brigands
  2 gnoll sergeants (D:10)
  7 bullfrogs
  A cane toad simulacrum (Lair:5)
  4 scorpions
  8 wights
  11 killer bees
  3 electric eels (Lair:4)
  5 howler monkeys
  A quasit (D:6)
  2 hounds
  14 orc priests
  2 jellies
  Crazy Yiuf (D:2)
  A gnoll bouda (D:4)
  An iguana (D:5)
  A sleepcap (D:5)
  16 orc wizards
  12 gnolls
  5 adders
  A shadow imp (D:5)
  A white imp (D:4)
  An ufetubus (D:5)
  2 worms
  8 dart slugs
  71 orcs
  3 bats
  9 endoplasms
  2 giant cockroaches
  5 goblins
  5 hobgoblins
  13 kobolds
  4 quokkas
  8 ball pythons
  6 frilled lizards
  A goblin skeleton (D:6)
  2 hobgoblin zombies (D:6)
  A kobold zombie (D:6)
  An orc zombie (D:6)
  5 rats
576 creatures vanquished.

Vanquished Creatures (others)
  An orc wizard (D:8)
  2 kobolds (D:8)
3 creatures vanquished.

Grand Total: 579 creatures vanquished

Notes
Turn   | Place    | Note
-------+----------+-------------------------------------------
     0 | D:1      | Zespara the Minotaur Fighter began the quest for the Orb.
     0 | D:1      | Reached XP level 1. HP: 19/19 MP: 0/0
   320 | D:1      | Reached XP level 2. HP: 24/27 MP: 1/1
   755 | D:1      | Reached skill level 4 in Fighting
   970 | D:1      | Reached XP level 3. HP: 23/33 MP: 2/2
  1673 | D:2      | Reached XP level 4. HP: 40/40 MP: 3/3
  1843 | D:2      | Identified the +10 hammer of Drought {speed, Fragile rCorr
                  | Str-3 Int+7}
  1845 | D:2      | Identified the +5 hammer "Rahiynar" {venom, rElec Dex+2}
  1861 | D:2      | Found a runed translucent door.
  1862 | D:2      | Noticed Crazy Yiuf
  1984 | D:2      | Killed Crazy Yiuf
  2457 | D:3      | Noticed a scorpion
  2462 | D:3      | Killed a scorpion
  2463 | D:3      | Reached skill level 1 in Maces & Flails
  2463 | D:3      | Reached XP level 5. HP: 41/47 MP: 4/4
  3145 | D:4      | Found a white marble altar of Elyvilon.
  3177 | D:4      | Noticed a phantom
  3184 | D:4      | Killed a phantom
  3185 | D:4      | Reached skill level 5 in Fighting
  3185 | D:4      | Reached skill level 5 in Armour
  3185 | D:4      | Reached skill level 5 in Shields
  3336 | D:4      | Reached XP level 6. HP: 56/56 MP: 5/5
  3489 | D:4      | Got the Spellbook of Unstable Infection
  4281 | D:5      | Entered Level 5 of the Dungeon
  4281 | D:5      | Noticed an ice beast
  4292 | D:5      | Killed an ice beast
  4293 | D:5      | Reached XP level 7. HP: 56/62 MP: 6/6
  4329 | D:5      | Noticed Eustachio
  4339 | D:5      | Reached skill level 6 in Fighting
  4361 | D:5      | Killed Eustachio
  4420 | D:5      | Found a basalt altar of Yredelemnul.
  4449 | D:5      | Reached XP level 8. HP: 71/71 MP: 7/7
  4539 | D:5      | Found Zebleu's Assorted Antiques.
  4562 | D:5      | Reached skill level 5 in Maces & Flails
  4563 | D:5      | Reached skill level 7 in Fighting
  4580 | D:5      | Bought an emerald ring for 120 gold pieces
  4584 | D:5      | Learned a level 2 spell: Passwall
  5079 | D:6      | Found a staircase to the Ecumenical Temple.
  5107 | D:6      | Found a glowing golden altar of the Shining One.
  5211 | D:6      | You fall into a shaft and drop 1 floor!
  6320 | D:7      | Reached XP level 9. HP: 67/81 MP: 8/8
  6429 | D:7      | Reached skill level 8 in Fighting
  6469 | D:7      | Found Ykoid's Distillery.
  6652 | D:7      | Found a stormy altar of Qazlal.
  7357 | D:8      | Reached skill level 9 in Fighting
  7479 | D:8      | Noticed Pikel
  7490 | D:8      | Killed Pikel
  7586 | D:8      | Reached XP level 10. HP: 60/88 MP: 9/9
  7773 | D:8      | Found a snail-covered altar of Cheibriados.
  7843 | D:8      | Noticed Maggie
  7852 | D:8      | Killed Maggie
  8427 | D:9      | Noticed a rust devil
  8434 | D:9      | Noticed a sun demon
  8447 | D:9      | Reached skill level 10 in Shields
  8455 | D:9      | Reached skill level 10 in Fighting
  8455 | D:9      | Reached skill level 10 in Armour
  8600 | D:9      | Found a hazy altar of Hepliaklqana.
  8600 | D:9      | Found a bloodstained altar of Trog.
  8601 | D:9      | Found a glowing silver altar of Zin.
  8614 | D:9      | Found a burning altar of Makhleb.
  8656 | D:9      | Found a shimmering blue altar of Sif Muna.
  8837 | D:9      | Noticed a two-headed ogre
  8851 | D:9      | Killed a two-headed ogre
  9575 | D:10     | Entered Level 10 of the Dungeon
  9831 | D:10     | Reached XP level 11. HP: 85/101 MP: 10/10
  9889 | D:10     | Noticed a two-headed ogre
  9913 | D:10     | Killed a two-headed ogre
  9914 | D:10     | Reached skill level 11 in Fighting
  9914 | D:10     | Reached skill level 10 in Maces & Flails
 10133 | D:10     | Found an ornate altar of the Wu Jian Council.
 10181 | D:10     | Found a transporter.
 10209 | D:10     | Noticed Dillybarz's ghost (novice MiFi)
 10237 | D:10     | Found a transporter.
 10519 | D:10     | Found Null's Book Emporium.
 10519 | D:10     | Noticed a walking crystal tome
 10520 | D:10     | Noticed a walking earthen tome
 10534 | D:10     | Found a staircase to the Lair.
 10544 | Lair:1   | Entered Level 1 of the Lair of Beasts
 11160 | Lair:1   | Noticed a catoblepas
 11186 | Lair:1   | Killed a catoblepas
 11579 | Lair:1   | Reached skill level 12 in Fighting
 12534 | D:11     | Reached XP level 12. HP: 90/113 MP: 11/11
 12658 | D:11     | Noticed Snorg
 12671 | D:11     | Killed Snorg
 12828 | D:11     | Found a staircase to the Orcish Mines.
 13221 | D:11     | Noticed a boulder beetle
 13237 | D:11     | Killed a boulder beetle
 13895 | D:12     | Noticed a boulder beetle
 13925 | D:12     | Killed a boulder beetle
 14433 | D:12     | Noticed a centaur warrior
 14444 | D:12     | Killed a centaur warrior
 14741 | D:13     | Noticed a centaur warrior
 14755 | D:13     | Killed a centaur warrior
 14890 | D:13     | Found a sparkling altar of Nemelex Xobeh.
 14949 | D:13     | Noticed Maurice
 14957 | D:13     | Reached skill level 13 in Fighting
 14974 | D:13     | Killed Maurice
 15153 | D:13     | Noticed a centaur warrior
 15165 | D:13     | Killed a centaur warrior
 15314 | D:13     | Found a gate to the Vaults.
 15314 | D:13     | Noticed an ironbound preserver
 15314 | D:13     | Noticed a death knight
 15328 | D:13     | Killed a death knight
 15346 | D:13     | Killed an ironbound preserver
 15542 | D:13     | Noticed a tengu warrior
 15542 | D:13     | Noticed a centaur warrior
 15556 | D:13     | Killed a tengu warrior
 15569 | D:13     | Killed a centaur warrior
 15620 | D:13     | Noticed a centaur warrior
 15626 | D:13     | Killed a centaur warrior
 15882 | D:14     | Reached XP level 13. HP: 121/123 MP: 12/12
 15934 | D:14     | Noticed a white very ugly thing
 15961 | D:14     | Killed a white very ugly thing
 16112 | D:14     | Found a frozen archway.
 16143 | D:14     | Reached skill level 14 in Fighting
 16700 | D:14     | Found a portal to a secret trove of treasure.
 17451 | D:15     | Entered Level 15 of the Dungeon
 17811 | D:15     | Found a staircase to the Depths.
 17811 | D:15     | Noticed a stone giant
 17827 | D:15     | Killed a stone giant
 18753 | D:15     | Noticed a fire dragon
 18791 | D:15     | Killed a fire dragon
 19214 | D:15     | Found an opulent altar of Gozag.
 19319 | D:15     | Reached skill level 15 in Fighting
 19319 | D:15     | Reached skill level 15 in Armour
 19319 | D:15     | Reached skill level 15 in Shields
 19657 | D:15     | Reached XP level 14. HP: 53/135 MP: 13/13
 19893 | D:15     | Reached skill level 1 in Dodging
 20257 | Depths:1 | Entered Level 1 of the Depths
 20885 | D:9      | Became a worshipper of Trog the Wrathful
 21952 | Temple   | Entered the Ecumenical Temple
 22487 | Orc:1    | Entered Level 1 of the Orcish Mines
 22636 | Orc:2    | Entered Level 2 of the Orcish Mines
 22679 | Orc:2    | Found Foniv's Antique Weapon Boutique.
 22835 | Orc:2    | Found Sebrul's Antique Weapon Shoppe.
 22892 | Orc:2    | Found Fet Jane's Antique Armour Emporium.
 22916 | Orc:2    | Noticed an orc warlord
 22937 | Orc:1    | Reached * piety under Trog
 23220 | Orc:1    | Found Irghuk's Book Boutique.
 23284 | Orc:1    | Reached ** piety under Trog
 23716 | Orc:2    | Killed an orc warlord
 23758 | Orc:2    | Reached skill level 5 in Axes
 23775 | Orc:2    | Found Naqioj's Jewellery Shoppe.
 23873 | Orc:2    | Found a staircase to the Elven Halls.
 23960 | Orc:2    | Found Laraur's General Store.
 24789 | Lair:2   | Found a transporter.
 25091 | Lair:2   | Found a large runed translucent door.
 25091 | Lair:2   | Found a large runed translucent door.
 25095 | Lair:2   | Noticed MysteronAgent613's ghost (novice FeEn)
 25517 | Lair:2   | Reached *** piety under Trog
 25539 | Lair:2   | Found a transporter.
 25572 | Lair:2   | You fall into a shaft and drop 1 floor!
 25923 | Lair:3   | Found a hole to the Spider Nest.
 25968 | Lair:3   | Found a staircase to the Shoals.
 26057 | Lair:3   | Identified the +5 ring mail of the Big Bang {rPois rF+ rC+
                  | rCorr}
 26119 | Lair:3   | Reached skill level 16 in Fighting
 26496 | Lair:4   | Found a shimmering altar of Xom.
 26605 | Lair:4   | Reached skill level 15 in Maces & Flails
 27372 | Lair:5   | Entered Level 5 of the Lair of Beasts
 27453 | Lair:5   | Found a staircase to the Slime Pits.
 27798 | Lair:5   | Reached XP level 15. HP: 129/142 MP: 14/14
 27805 | Lair:5   | Reached **** piety under Trog
 28594 | Lair:5   | Identified the amulet of Aresudui {Regen+ Str+2}
 28932 | Lair:5   | Reached skill level 17 in Fighting
 29511 | Slime:1  | Entered Level 1 of the Pits of Slime
 29577 | Slime:1  | Noticed an acid blob
 29588 | Slime:1  | Killed an acid blob
 29689 | Slime:1  | Noticed an acid blob
 29700 | Slime:1  | Killed an acid blob
 29962 | Slime:2  | Noticed an acid blob
 29963 | Slime:2  | Noticed an acid blob
 29980 | Slime:2  | Slain by an acid blob

Illustrated notes

Levels and vault maps discovered:
D:1:      wheals_arrival_linesprint, layout_basic, serial_co_window_serial,
          co_window_corner_a, co_window_cross_1, co_window_corner_a,
          co_window_corner_a, co_window_paths_a, co_window_2corner,
          co_window_of_opportunity_b, co_window_corner_b, co_window_paths_c,
          co_window_sun, co_window_4corner_a, glass_columns_c, glass_columns_a
D:2:      layout_rooms, uniq_crazy_yiuf_cottage
D:3:      layout_basic, glass_columns_c, eino_curves_04
D:4:      layout_layer_cave, mainiacjoe_overflow_catwalk
D:5:      layout_rooms, yredelemnul_altar_generic, serial_shops, shop,
          uniq_eustachio
D:6:      layout_layer_cave, nicolae_tso_besieged_by_evil,
          minmay_temple_entry_ruins, grunt_decor_junction
D:7:      layout_loops_corners, mainiacjoe_overflow_small_starburst,
          serial_shops, kennysheep_little_box
D:8:      layout_gridville, lemuel_doored_altar, uniq_pikel, uniq_maggie
D:9:      layout_grid_maze, kennysheep_orc_sif_temple,
          nicolae_overflow_quartered_altars, minmay_misc_feat_diagonals
D:10:     layout_roguey, mainiacjoe_overflow_alcove_2, lair_entry_dummy,
          serial_shops, nicolae_shop_mannequins, gammafunk_ghost_hive
D:11:     layout_irregular_city, minmay_orc_entry_temple_small,
          hangedman_fish_farm, uniq_snorg
D:12:     layout_irregular_city
D:13:     layout_rooms, skrybe_vaults_entry_preservation,
          nemelex_spade_bored_becter, uniq_maurice
D:14:     layout_gridville, trove_entry_hex_spiral,
          minmay_staircase_windowed_large, portal_ice_cave_entry_ugly_swarm
D:15:     grunt_enter_depths_snipers, layout_cave_pools, gauntlet_entry_generic,
          serial_column_ruins, column_ruins_hut, column_ruins_grid_1,
          column_ruins_corridor_corner, column_ruins_columns_T,
          column_ruins_open_medium, column_ruins_open_small,
          grunt_gozag_breadcrumbs
Temple:   nicolae_temple_bog_church
Lair:1:   layout_cave_pods, infiniplex_staircase_pool_2, lemuel_fruit_tree,
          grunt_megastairs_5
Lair:2:   gammafunk_worm_tunnel, layout_layer_cave, ebering_ghost_disaster_area,
          minivault_24, serial_bayou_shore_b
Lair:3:   layout_regular_city, elwin_shoals_entry_rocks, spider_nest_entry_webs
Lair:4:   layout_loops_ring, basic_altar, serial_bayou_lake_a
Lair:5:   due_jungle_book, layout_regular_city, dpeg_slime_entry_enclosed
Slime:1:  layout_caves
Slime:2:  layout_caves
Orc:1:    layout_caves, serial_shops, nicolae_book_shop_shelving
Orc:2:    grunt_orc_gardens, layout_caves, grunt_orc_garden, grunt_orc_garden,
          grunt_orc_garden, grunt_orc_garden, serial_shops, shop, mines2_lemuel
Depths:1: layout_long_grid, hell_entry, cheibriados_altar_1, zin_scriptorium,
          roderic_lattice_octagonal_star

Skill      XL: |  1  2  3  4  5  6  7  8  9 10 11 12 13 14 15 |
---------------+----------------------------------------------+-----
Shields        | 4 5 6 7 9 10 12 13 15 16 | 16.3
Armour         | 4 5 6 7 9 10 12 13 15 16 | 16.3
Fighting       | 4 5 6 7 9 10 12 13 15 16 17 | 17.4
Axes           | 3 6 8 |  8.0
Maces & Flails | 1 2 3 4 6 8 9 11 13 14 15 | 15.7
Dodging        | 4 |  4.2

Action                     |  1- 3 |  4- 6 |  7- 9 | 10-12 | 13-15 || total
---------------------------+-------+-------+-------+-------+-------++-------
  Melee: War axe           |    71 |     5 |       |       |       ||    76
         Headbutt          |     8 |    14 |    33 |   158 |   469 ||   682
         Mace              |       |    83 |   183 |   690 |  1477 ||  2433
  Throw: Javelin           |       |       |       |    10 |    10 ||    20
         Throwing net      |       |       |       |     1 |       ||     1
    Use: Scroll            |       |     8 |     3 |     3 |    22 ||    36
         Potion            |       |       |       |     3 |     3 ||     6
 Armour: Scale mail        |    29 |     8 |       |       |       ||    37
         Chain mail        |       |    17 |    63 |   160 |       ||   240
         Plate armour      |       |       |       |    89 |   449 ||   538
  Dodge: Dodged            |    22 |    17 |    40 |   136 |   171 ||   386
  Block: Buckler           |    14 |    15 |    45 |   195 |   151 ||   420
         Kite shield       |       |       |       |       |   757 ||   757
         Reflection        |       |       |       |       |    11 ||    11
